cohdb
Replays
Latest Replays
All Replays
Popular Replays
Top Player Replays
Match Explorer
How It Works
Community
CoH3 Stats
Reddit
Sign in to upload your games and track your stats! →
Sign in with Steam
Match 40559435
Unlisted
Match 40559435
Overview
Messages
Build Orders
End
Construct Infanterie Kompanie
Pioneer Squad
Pioneer Squad
Selects Terror Battlegroup
Selects Machine Gun Camouflage
MG 42 Machine Gun Team
MG 42 Machine Gun Team
Construct Luftwaffe Kompanie
Jäger Squad
221 Scout Car
Selects Interrogate
Medical Bunker
Flak 30 Anti-aircraft Gun Team
Jäger Squad
Jäger Squad
Sniper
Selects No Quarter
Support Elements
Marder III M Tank Destroyer
Selects King Tiger Heavy Tank
Goodvyn
Dullahan
0
0
Comments
sign in to comment!
No comments posted yet!